 Dungeon Crawl Stone Soup version 0.23-b1-13-gf37ab262a9 (webtiles) character file.

Game seed: 9483800595094207243

835 McKennaii the Caller (level 7, -5/55 HPs)
             Began as a Demigod Summoner on Feb 2, 2019.
             Shot with an arrow by a centaur (14 damage)
             ... on level 6 of the Dungeon.
             The game lasted 00:19:24 (5748 turns).

McKennaii the Caller (Demigod Summoner)             Turns: 5748, Time: 00:19:25

Health: -5/55      AC:  3    Str: 11    XL:     7   Next: 39%
Magic:  12/16      EV: 14    Int: 23    God:
Gold:   17         SH:  0    Dex: 22    Spells: 10/14 levels left

rFire    . . .     SeeInvis .   i - +1 dagger (venom)
rCold    . . .     Gourm    .   (no shield)
rNeg     . . .     Faith    .   v - +0 robe "Ciho" {Dex+6 Stlth-} (curse)
rPois    .         Spirit   .   (no helmet)
rElec    .         Reflect  .   (no cloak)
rCorr    .         Harm     .   (no gloves)
MR       .....                  k - +0 pair of boots
Stlth    ++........             (no amulet)
HPRegen  0.18/turn              (no ring)
MPRegen  0.15/turn              (no ring)

@: no status effects
A: high mp 1
a: no special abilities


You were on level 6 of the Dungeon.
You were not hungry.

You visited 1 branch of the dungeon, and saw 6 of its levels.

You collected 257 gold pieces.
You spent 240 gold pieces at shops.

Inventory:

Hand Weapons
 i - a +1 dagger of venom (weapon)
Armour
 k - a +0 pair of boots (worn)
 v - the cursed +0 robe "Ciho" (worn) {Dex+6 Stlth-}
   (You bought it in a shop on level 5 of the Dungeon)

   It affects your dexterity (+6).
   It makes you less stealthy.
   It has a curse placed upon it.
Scrolls
 d - a scroll of noise {unknown}
 e - a scroll of enchant weapon {unknown}
 j - a scroll of remove curse
 m - a scroll of immolation {unknown}
 n - 3 scrolls of identify {unknown}
 o - a scroll of teleportation
 r - a scroll of amnesia {unknown}
 s - a scroll of blinking {unknown}
 u - a scroll of random uselessness {unknown}
 x - a scroll of vulnerability {unknown}
 y - a scroll of fog {unknown}
Potions
 b - 2 potions of might {unknown}
 f - a potion of mutation {unknown}
 g - 2 potions of agility {unknown}
 h - a potion of ambrosia {unknown}
 l - a potion of magic {unknown}
 p - a potion of experience {unknown}
 q - 3 potions of curing
 t - 2 potions of invisibility {unknown}
 w - a potion of resistance {unknown}
Comestibles
 c - 5 rations


   Skills:
 + Level 2.0 Fighting
 + Level 3.4 Dodging
 + Level 3.6 Stealth
 + Level 4.3 Spellcasting
 + Level 5.7 Summonings


You had 10 spell levels left.
You knew the following spells:

 Your Spells              Type           Power        Failure   Level  Hunger
a - Summon Small Mammal   Summ           ####         1%          1    None
b - Call Canine Familiar  Summ           ####....     3%          3    ##.....

Your spell library contained the following spells:

 Spells                   Type           Power        Failure   Level  Hunger
 Call Imp                 Summ           ####....     1%          2    None
 Corona                   Hex            #......      10%         1    None
 Summon Guardian Golem    Hex/Summ       ###.....     10%         3    ##.....
 Ensorcelled Hibernation  Hex/Ice        #.....       16%         2    None
 Confuse                  Hex            #.......     30%         3    ##.....
 Dazzling Spray           Conj/Hex       #.....       30%         3    ##.....
 Tukima's Dance           Hex            #.......     30%         3    ##.....
 Summon Ice Beast         Ice/Summ       ###.....     30%         4    ####...
 Summon Lightning Spire   Summ/Air       ###.....     30%         4    ####...


Dungeon Overview and Level Annotations

Branches:
Dungeon (6/15)             Temple (0/1) D:5

Shops:
D:5 *:[==![


Innate Abilities, Weirdness & Mutations

You have an increased reservoir of magic. (+10% MP)


Message History

A centaur is nearby!
No target in view!
Your rat disappears in a puff of smoke!
The centaur wields a +0 shortbow.
The centaur shoots an arrow.
The arrow hits you!
You see here an arrow.
The centaur shoots an arrow.
The arrow hits you!
* * * LOW HITPOINT WARNING * * *
You see here an arrow.
Casting: Summon Small Mammal (safe; 1% risk of failure)
Confirm with . or Enter, or press ? or * to list all spells.
The centaur shoots an arrow.
The arrow hits you!
* * * LOW HITPOINT WARNING * * *
You hear a shout!
Something closely misses your quokka.
Casting: Summon Small Mammal (safe; 1% risk of failure)
Confirm with . or Enter, or press ? or * to list all spells.
The centaur wields a +0 shortbow.
The centaur shoots an arrow.
The arrow closely misses your quokka. The arrow hits you!
You die...

#.............†......
#....................
#....................
#........(...........
#....................
#....................
#..?.................
#...bh...............
#...@r((........ #
#######c...####
....## #..#..$
#.c##### #..# #..#
....


You could see a centaur, a friendly hound, a friendly quokka and a friendly bat.

Vanquished Creatures
  Eustachio (D:4)
  A centaur (D:5)
  2 crimson imps (D:5)
  A bullfrog skeleton (D:6)
  A hound (D:5)
  An orc wizard (D:5)
  An iguana (D:3)
  3 worker ants (D:5)
  3 adders (D:2)
  A shadow imp (D:6)
  2 oozes (D:2)
  An adder zombie (D:3)
  3 worms
  A dart slug (D:2)
  5 leopard geckos
  7 orcs
  5 giant cockroaches
  6 goblins
  8 hobgoblins
  15 jackals
  2 ball pythons
  5 bats
  5 frilled lizards
  A jackal skeleton (D:5)
  4 kobolds
  7 rats
92 creatures vanquished.

Vanquished Creatures (collateral kills)
  3 ogres
  A crimson imp (D:5)
  A centaur zombie (D:6)
  A worker ant (D:6)
  A hound skeleton (D:3)
  A worker ant zombie (D:4)
  A howler monkey skeleton (D:3)
  An adder (D:2)
  11 orcs
  4 goblins
  A hobgoblin (D:1)
  6 jackals
  A kobold (D:1)
  A bat (D:1)
  A frilled lizard (D:3)
  A giant cockroach zombie (D:3)
  A leopard gecko skeleton (D:3)
  4 rats
41 creatures vanquished.

Grand Total: 133 creatures vanquished

Notes
Turn   | Place    | Note
-------+----------+-------------------------------------------
     0 | D:1      | McKennaii the Demigod Summoner began the quest for the Orb.
     0 | D:1      | Reached XP level 1. HP: 14/14 MP: 5/5
   343 | D:1      | Reached XP level 2. HP: 9/20 MP: 5/7
   670 | D:1      | Reached skill level 4 in Summonings
  1603 | D:2      | Reached XP level 3. HP: 23/26 MP: 8/8
  2059 | D:2      | Reached XP level 4. HP: 17/34 MP: 10/10
  2962 | D:3      | Reached XP level 5. HP: 28/39 MP: 9/12
  2987 | D:3      | Reached skill level 1 in Fighting
  3009 | D:3      | You fall through a shaft!
  3283 | D:4      | Learned a level 3 spell: Call Canine Familiar
  3526 | D:4      | Noticed Eustachio
  3860 | D:4      | Killed Eustachio
  3860 | D:4      | Reached XP level 6. HP: 28/47 MP: 1/13
  4009 | D:5      | Entered Level 5 of the Dungeon
  4009 | D:5      | Found a sacrificial altar of Ru.
  4225 | D:5      | Found Analott's Antique Armour Emporium.
  4245 | D:5      | Bought a smoking robe for 125 gold pieces
  4255 | D:5      | Identified the cursed +0 robe "Ciho" {Dex+6 Stlth-} (You
                  | bought it in a shop on level 5 of the Dungeon)
  4257 | D:5      | Found Leiptommo's Jewellery Emporium.
  4259 | D:5      | Found Eceuduev's Distillery.
  4260 | D:5      | Found Zilycraiwa's Antique Armour Emporium.
  4260 | D:5      | Found Raruhebb's Jewellery Emporium.
  4269 | D:5      | Bought a potion of heal wounds for 75 gold pieces
  4297 | D:5      | Found Doenywod's Book Shop.
  4302 | D:5      | Found a staircase to the Ecumenical Temple.
  4553 | D:5      | Reached skill level 5 in Summonings
  4779 | D:5      | Reached XP level 7. HP: 48/53 MP: 16/16
  4819 | D:5      | Found Mecweob's Assorted Antiques.
  4822 | D:5      | Bought a scroll labeled BAZOFE PIWAHEECKA for 20 gold
                  | pieces
  4822 | D:5      | Bought a scroll labeled HOECEQ TILOTACWOMM for 20 gold
                  | pieces
  5748 | D:6      | Shot with an arrow by a centaur

Skill      XL: |  1  2  3  4  5  6  7 |
---------------+----------------------+-----
Spellcasting   | 2 3 4 |  4.3
Summonings     | 4 5 |  5.7
Stealth        | 2 3 |  3.6
Dodging        | 2 3 |  3.4
Fighting       | 1 2 |  2.0

Action                   |  1- 3 |  4- 6 |  7- 9 || total
-------------------------+-------+-------+-------++-------
Melee: Unarmed           |    16 |       |       ||    16
       Dagger            |   122 |   152 |    65 ||   339
 Cast: Summon Small Mamm |    30 |    35 |    22 ||    87
       Call Canine Famil |       |    12 |     9 ||    21
  Use: Scroll            |       |     3 |       ||     3
       Potion            |       |       |     2 ||     2
 Stab: Sleeping          |     7 |     8 |     1 ||    16
       Distracted        |       |     1 |     2 ||     3
  Eat: Chunk             |     4 |     6 |     1 ||    11
       Ration            |       |     1 |     1 ||     2
Armor: Robe              |    33 |    41 |    10 ||    84
Dodge: Dodged            |    99 |   125 |    62 ||   286
